 Dungeon Crawl Stone Soup version 0.31-a0-590-g8a5a4361df (webtiles) character file.

Game seed: 6124579385406347114

378 randomguy2701 the Chopper (level 6, -2/53 HPs)
             Began as a Hill Orc Fighter on Aug 20, 2023.
             Slain by an ogre
             ... wielding a +0 giant club
              (12 damage)
             ... on level 4 of the Dungeon.
             The game lasted 00:02:45 (2335 turns).

randomguy2701 the Chopper (Hill Orc Fighter)        Turns: 2335, Time: 00:02:46

Health: -2/53      AC:  8    Str: 23    XL:     6   Next: 74%
Magic:  6/6        EV:  8    Int: 12    God:
Gold:   126        SH: 15    Dex: 12    Spells: 5/5 levels left

rFire   + . .        a - +0 war axe
rCold   x . .        l - +1 kite shield "Ynoz" {Str+4 Int+4}
rNeg    . . .        b - +0 scale mail
rPois   .            k - +0 helmet
rElec   .            (no cloak)
rCorr   .            (no gloves)
SInv    .            (no boots)
Will    .....        h - amulet of reflection Stlth
                     f - ring of fire
HPRegen 0.28/turn    (no ring)
MPRegen 0.10/turn

%: reflection
@: mighty
A: no striking features
a: no special abilities


You were on level 4 of the Dungeon.
You visited 1 branch of the dungeon, and saw 4 of its levels.

You collected 126 gold pieces.

Inventory:

Hand Weapons
 a - a +0 war axe (weapon)
Armour
 b - a +0 scale mail (worn)
 k - a +0 helmet (worn)
 l - the +1 kite shield "Ynoz" (worn) {Str+4 Int+4}
   (You took it off a hobgoblin on level 2 of the Dungeon)

   Str+4:     It affects your strength (+4).
   Int+4:     It affects your intelligence (+4).
Jewellery
 f - a ring of fire (left hand)
 h - an amulet of reflection (around neck)
 m - a ring of wizardry
Scrolls
 e - 3 scrolls of blinking {unknown}
 g - a scroll of enchant weapon {unknown}
 i - 2 scrolls of identify {unknown}
 o - a scroll of vulnerability {unknown}
Potions
 c - a potion of ambrosia {unknown}
 j - a potion of mutation {unknown}
 n - 2 potions of curing {unknown}
 p - a potion of lignification {unknown}


   Skills:
 + Level 4.6 Fighting
 + Level 6.4 Axes
 + Level 4.5 Armour
 - Level 0.2 Dodging
 + Level 4.7 Shields


You had 5 spell levels left.
You didn't know any spells.
Your spell library contained the following spells:

 Spells                   Type           Power      Damage    Failure   Level
 Freeze                   Ice            0%         1d3       86%         1
 Summon Small Mammal      Summ           0%         N/A       86%         1
 Blink                    Tloc           0%         N/A       95%         2
 Call Canine Familiar     Summ           0%         N/A       99%         3
 Frozen Ramparts          Ice            0%         1d1       99%         3
 Hailstorm                Conj/Ice       0%         3d3       99%         3
 Portal Projectile        Hex/Tloc       0%         N/A       99%         3
 Summon Guardian Golem    Hex/Summ       0%         N/A       99%         3
 Leda's Liquefaction      Hex/Erth       0%         N/A       100%        4
 Manifold Assault         Tloc           0%         N/A       100%        4


Dungeon Overview and Level Annotations

Branches:
Dungeon (4/15)             Temple (0/1) D:4

Altars:
Dithmenos
Ru

Shops:
D:1 (


Message History

The ogre hits you but does no damage.
You hit the ogre.
The ogre is heavily wounded.
You block the ogre's attack.
You feel very mighty all of a sudden. The ogre barely misses you.
You slash the ogre!
The ogre is almost dead.
You barely miss the ogre.
The ogre is almost dead.
The ogre barely misses you.
You barely miss the ogre.
The ogre is almost dead.
The ogre hits you with a +0 giant club!!
You slash the ogre!
You kill the ogre!
Your Axes skill increases to level 6!
You have reached level 6!
You slash the ogre!
The ogre is moderately wounded.
The ogre hits you with a +0 giant club!!
* * * LOW HITPOINT WARNING * * *
You slash the ogre!
The ogre is severely wounded.
You block the ogre's attack.
You barely miss the ogre.
The ogre is severely wounded.
The ogre completely misses you.
You slash the ogre!
You kill the ogre!
You slash the ogre!
The ogre is heavily wounded.
You block the ogre's attack.
You slash the ogre!
The ogre is almost dead.
You block the ogre's attack.
You barely miss the ogre.
The ogre is almost dead.
The ogre hits you with a +0 giant club!
You die...

.. #.8⌠.>. .#. ....
##. #...... ..#...#
#..##.8⌠... #..
......####..#....##
......# .....
#.........##
.......
....#......#......
......< #..
###...###....#
......#.# #O#
#........###
#........###@#
.............
.#...........##
##########..#.
.............#
#..#.
...........###
#...# ............#
#...# ............#
#.... ............#
#....
............##
#....
.............#
#....


You could see an ogre.

Vanquished Creatures
  2 ogres (D:4)
  A scorpion (D:4)
  A hound (D:3)
  3 adders
  3 gnolls (D:4)
  4 dart slugs
  An orc (D:3)
  8 ball pythons
  4 endoplasms
  2 giant cockroaches
  5 goblins
  4 hobgoblins
  A jackal (D:3)
  3 kobolds
  A quokka (D:1)
  8 bats
  3 frilled lizards
  4 rats
58 creatures vanquished.

Notes
Turn   | Place    | Note
-------+----------+-------------------------------------------
     0 | D:1      | randomguy2701 the Hill Orc Fighter began the quest for the
                  | Orb.
     0 | D:1      | Reached XP level 1. HP: 19/19 MP: 1/1
    79 | D:1      | Reached XP level 2. HP: 24/27 MP: 2/2
   148 | D:1      | Reached skill level 3 in Axes
   189 | D:1      | Found Diumejoc's Weapon Shop.
   710 | D:2      | Reached XP level 3. HP: 33/33 MP: 3/3
   747 | D:2      | Identified the +1 kite shield "Ynoz" {Str+4 Int+4}
  1298 | D:3      | Reached skill level 4 in Axes
  1298 | D:3      | Reached XP level 4. HP: 38/40 MP: 4/4
  1491 | D:3      | Found a faded altar of an unknown god.
  1581 | D:3      | Found a shadowy altar of Dithmenos.
  1966 | D:4      | Found a sacrificial altar of Ru.
  1989 | D:4      | Noticed a scorpion
  1995 | D:4      | Killed a scorpion
  1996 | D:4      | Reached skill level 5 in Axes
  1996 | D:4      | Reached XP level 5. HP: 43/47 MP: 5/5
  2187 | D:4      | Found a staircase to the Ecumenical Temple.
  2313 | D:4      | Noticed an ogre
  2314 | D:4      | Noticed an ogre
  2317 | D:4      | Noticed an ogre
  2328 | D:4      | Killed an ogre
  2329 | D:4      | Reached skill level 6 in Axes
  2329 | D:4      | Reached XP level 6. HP: 30/53 MP: 6/6
  2335 | D:4      | Slain by an ogre

Illustrated notes

Levels and vault maps discovered:
D:1:      lightli_arrival_boilingwater, layout_loops_ring, serial_shops,
          nicolae_shop_tiny_glass
D:2:      layout_rooms
D:3:      wander_river, layout_basic, nicolae_dithmenos_the_darkroom,
          shapermc_ecumenical_altar_mp_urbaneastern
D:4:      cheibrodos_fertilizer, layout_cave_pools, mainiacjoe_overflow_catwalk,
          minmay_temple_entry_drinking_statues, ebering_ghost_gozag,
          dilly_guarded_unrand_devastator

Skill      XL: |  1  2  3  4  5 |
---------------+----------------+-----
Axes           | 3 4 5 6 |  6.4
Fighting       | 4 |  4.6
Armour         | 4 |  4.5
Shields        | 4 |  4.7
Dodging        | |  0.2

Action                     |  1- 3 |  4- 6 || total
---------------------------+-------+-------++-------
  Melee: War axe           |    96 |    58 ||   154
    Use: Potion            |       |     1 ||     1
 Armour: Scale mail        |    35 |    15 ||    50
  Dodge: Dodged            |    26 |    16 ||    42
  Block: Buckler           |    33 |       ||    33
         Kite shield       |    22 |    37 ||    59
         Reflection        |     2 |       ||     2

Table legend: (Time is in decaauts)
 A = Elapsed time spent in this place.
 B = Non-inter-level travel time spent in this place.
 C = Inter-level travel time spent in this place.
 D = Time resting spent in this place.
 E = Time spent auto-exploring this place.
 F = Levels seen in this place.
 G = Mean time per level.
                   A        B        C        D        E       F      G
               +--------+--------+--------+--------+--------+-----+--------+
         Total |   2400 |   2322 |     78 |      0 |   1903 |   4 |  600.0 |
       Dungeon |   2400 |   2322 |     78 |      0 |   1903 |   4 |  600.0 |
               +--------+--------+--------+--------+--------+-----+--------+

Top non-repeatable levels by time:
     D:3: 888 daAuts
     D:1: 688 daAuts
     D:2: 439 daAuts
     D:4: 383 daAuts
